AoeStats
← andresk

Runestones

507401804Analyzed
1v1 RM · 13d ago on Sep 18, 2026· 62m 50s· 2 players
Game mode
Random Map
Map size
Tiny (2 player)
Population
200
Speed
Normal
Resources
Standard
Victory
Conquest
Starting age
Dark Age
Ending age
Imperial Age
RankedLock teamsTeams togetherTeam positionsShared explorationLock speedFull tech treeHidden civsTurbo modeCheats
Victory
Defeat
🇨🇴 Portuguese · Colombia
187
+14
🇨🇱 Turks · Chile
147
-14
Sacrosz
4:04 Loom
11:59 Feudal Age
13:26 Double-Bit Axe
14:35 Horse Collar
16:37 Wheelbarrow
24:43 Castle Age
23:37 Gold Mining
26:21 Husbandry
28:03 Bow Saw
28:55 Fortified Wall
29:15 Town Watch
31:00 Heavy Plow
31:55 Fletching
32:20 Stone Mining
33:26 Treadmill Crane
34:02 Bloodlines
33:50 Bodkin Arrow
33:59 Padded Archer Armor
35:20 Gold Shaft Mining
35:49 Ballistics
37:12 Thumb Ring
37:28 Leather Archer Armor
37:43 Man-at-Arms
38:25 Squires
38:10 Arson
38:39 Forging
38:13 Crossbowman
38:57 Murder Holes
40:10 Hand Cart
40:36 Iron Casting
40:08 Long Swordsman
40:54 Scale Mail Armor
41:55 Scale Barding Armor
46:43 Imperial Age
45:27 Sipahi
45:37 Chain Barding Armor
46:55 Heavy Camel Rider
46:57 Cavalier
48:45 Blast Furnace
48:30 Conscription
49:55 Bracer
50:30 Ring Archer Armor
50:38 Plate Barding Armor
51:16 Parthian Tactics
51:17 Masonry
52:23 Elite Janissary
andresk
1:31 Loom
14:39 Feudal Age
15:10 Double-Bit Axe
17:36 Forging
17:27 Scale Mail Armor
20:44 Horse Collar
24:55 Castle Age
25:10 Padded Archer Armor
25:00 Fletching
28:21 Iron Casting
28:04 Leather Archer Armor
28:06 Chain Mail Armor
27:47 Bodkin Arrow
28:54 Heated Shot
29:25 Ballistics
34:47 Bow Saw
39:56 Imperial Age
39:47 Masonry
39:49 Elite Skirmisher
39:53 Pikeman
45:11 Chemistry
43:44 Halberdier
45:28 Heavy Plow
47:26 Blast Furnace
61:02 Ring Archer Armor
60:33 Bracer
Connection lost

Rejoining the realm…

Still unreachable

The connection could not be restored.

Session expired

The server has moved on; the page needs a fresh start.